 Dungeon Crawl Stone Soup version 0.18.1-50-g88ac8fd (webtiles) character file.

604791 stultus the Warrior (level 26, -9/217 HPs)
             Began as a Demonspawn Berserker on Sept 8, 2016.
             Was an Elder of Trog.
             Killed from afar by an orb of fire (18 damage)
             ... with a bolt of fire
             ... on level 5 of the Realm of Zot on Jan 1, 2018.
             The game lasted 11:32:14 (72625 turns).

stultus the Warrior (Demonspawn Berserker)         Turns: 72625, Time: 11:32:15

Health: -9/217     AC: 51    Str: 22    XL:     26   Next: 59%
Magic:  30/30      EV: 12    Int:  9    God:    Trog [****..]
Gold:   5528       SH: 23    Dex: 23    Spells: 0 memorised, 25 levels left

rFire  + + .     SeeInvis +     e - +8 flail of Righteous Anger {freeze, rElec Str-4 Dex+5}
rCold  + + .     Gourm    .     h - +10 gold dragon armour
rNeg   + . .     Faith    .     b - +2 large shield {rF+}
rPois  +         Spirit   .     (helmet unavailable)
rElec  +         Dismiss  .     H - +2 cloak {MR+}
rCorr  +         Reflect  .     Q - +2 pair of gloves "Ireabrep" {rN+}
SustAt .         Harm     .     t - +2 pair of boots {run}
MR     ++...                    y - amulet of regeneration
Stlth  ..........               x - ring of see invisible
                                T - ring of resist corrosion

@: drained, quick, very resistant to hostile enchantments, extremely unstealthy
A: horns 3, iridescent scales 3, agile 1, cold resistance 1, foul stench 2,
icemail, low mp 1, wild magic 1, augmentation 2, no device heal 1, rot immunity,
freezing cloud immunity, MP-powered wands
a: Berserk, Trog's Hand, Brothers in Arms, Burn Spellbooks, Renounce Religion
}: 3/15 runes: barnacled, silver, gossamer


You were on level 5 of the Realm of Zot.
You worshipped Trog.
Trog was greatly pleased with you.
You were hungry.

You visited 9 branches of the dungeon, and saw 49 of its levels.
You visited the Abyss 1 time.
You also visited: Sewer.

You collected 7394 gold pieces.
You spent 1866 gold pieces at shops.

Inventory:

Hand Weapons
 e - the +8 flail of Righteous Anger (weapon) {freeze, rElec Str-4 Dex+5}
   (Trog gifted it to you on level 4 of the Spider Nest)

   It has been specially enchanted to freeze those struck by it, causing extra
   injury to most foes and up to half again as much damage against particularly
   susceptible opponents.
   It can also slow down cold-blooded creatures.
   It affects your strength (-4).
   It affects your dexterity (+5).
   It insulates you from electricity.
 f - the +5 greatsling "Sih Oll" {flame, rPois Str+2 Int+8}
   (Trog gifted it to you on level 1 of the Realm of Zot)

   It causes projectiles fired from it to burn those they strike, causing extra
   injury to most foes and up to half again as much damage against particularly
   susceptible opponents.
   It affects your strength (+2).
   It affects your intelligence (+8).
   It protects you from poison.
 i - a +9 greatsling of flaming
Missiles
 g - 910 sling bullets (quivered)
Armour
 b - a +2 large shield of fire resistance (worn)
 h - a +10 gold dragon armour (worn)
 t - a +2 pair of boots of running (worn)
 H - a +2 cloak of magic resistance (worn)
 Q - the +2 pair of gloves "Ireabrep" (worn) {rN+}
   (You bought it in a shop on level 5 of the Vaults)

   It protects you from negative energy.
 R - the +0 plate armour "Pohadd" {Str+6}
   (You found it on level 3 of the Realm of Zot)

   It affects your strength (+6).
Jewellery
 k - an uncursed ring of protection from cold
 l - an uncursed ring of protection from magic
 r - an uncursed amulet of guardian spirit
 x - a ring of see invisible (right hand)
 y - an amulet of regeneration (around neck)
 P - a +3 ring of slaying
 T - a ring of resist corrosion (left hand)
Wands
 a - a wand of iceblast (3/15)
 d - a wand of digging (4/24)
 C - a wand of disintegration (16/24)
 F - a wand of teleportation (4/9)
 G - a wand of disintegration (5/24)
 I - a wand of hasting (4/9)
 S - a wand of heal wounds (0/9)
Scrolls
 j - 3 scrolls of enchant weapon
 n - 14 scrolls of identify
 o - 17 scrolls of remove curse
 u - 7 scrolls of fear
 v - 6 scrolls of magic mapping
 B - a scroll of recharging
 J - 6 scrolls of teleportation
 N - 5 scrolls of fog
 U - a scroll of silence
Potions
 m - 4 potions of cure mutation
 q - a potion of berserk rage
 s - a potion of resistance
 w - a potion of haste
 z - 4 potions of might
 D - 5 potions of curing
 E - a potion of invisibility
 M - 3 potions of cancellation
 W - a potion of magic
 Z - 2 potions of flight
Miscellaneous
 K - a fan of gales
 O - a lamp of fire
 X - a sack of spiders {used: 1}
Comestibles
 c - 10 bread rations
 p - 29 meat rations
 A - 13 fruits
 Y - 18 royal jellies


   Skills:
 * Level 19.8(19.1) Fighting
 * Level 18.3(17.6) Maces & Flails
 * Level 16.9(16.2) Slings
 * Level 18.5(17.8) Armour
 + Level 13.8(13.2) Dodging
 * Level 12.7(12.1) Stealth
 * Level 16.3(15.7) Shields
 + Level 14.2(13.6) Evocations


You had 25 spell levels left.
You didn't know any spells.

Dungeon Overview and Level Annotations

Branches:
Dungeon (15/15)            Temple (1/1) D:5            Lair (8/8) D:9
 Shoals (4/4) Lair:3       Spider (4/4) Lair:4        Slime (0/6) Lair:7
    Orc (2/2) D:9             Elf (0/3) Orc:2        Vaults (5/5) D:14
  Crypt (0/3) Vaults:2     Depths (5/5) D:15            Zot (5/5) Depths:5

Altars:
Ashenzari
Cheibriados
Dithmenos
Elyvilon
Fedhas
Gozag
Kikubaaqudgha
Makhleb
Nemelex Xobeh
Okawaru
Pakellas
Qazlal
Ru
Sif Muna
Trog
Vehumet
Xom
Yredelemnul
Zin
The Shining One
Beogh
Jiyva

Shops:
D:10 **   D:15 (   Orc:2 *?(:   Shoals:1 ?   Shoals:2 *   Vaults:1 }[(
Vaults:3 *   Vaults:5 [   Depths:1 !   Depths:2 *

Portals:
Hell: Depths:1 Depths:2 Depths:3 Depths:4 Depths:5
Abyss: Depths:1 Depths:4 Depths:5
Pandemonium: Orc:2 Depths:3
Ziggurat: Depths:5

Annotations:
Lair:7 1 runed door


Innate Abilities, Weirdness & Mutations

You have a pair of large horns on your head.
You are completely covered in iridescent scales (AC +8).
Your flesh is cold resistant.
You frequently emit foul miasma when damaged in melee.
A meltable icy envelope protects you from harm (AC +0).
Your magical and physical power is enhanced at high health.
You are immune to rotting.
You are immune to freezing clouds.
You are agile. (Dex +2)
Your magical capacity is low (-10% MP).
Your spells are a little harder to cast, but a little more powerful.
Potions and wands are less effective at restoring your health.
You expend magic power (3 MP) to strengthen your wands.


Message History

You feel your magical essence link to your wands.
You sock the red draconian monk!
The red draconian monk seems to slow down.
You freeze the red draconian monk.
The red draconian monk is almost dead.
The Killer Klown blinks!
You block the red draconian monk's attack.
The red draconian monk kicks you but does no damage.
You block the red draconian monk's attack.
Unknown command.
You sock the red draconian monk!
The red draconian monk seems to slow down.
You freeze the red draconian monk. You headbutt the red draconian monk.
You kill the red draconian monk!
Trog accepts your kill. Something appears at your feet! Trog grants you a gift!
The orb of fire glows bright magenta.
The bolt of fire hits you! You resist.
You die...

###############
#.XqXX*(@....<###########
##p##########.#..........
#.#...#....#.#.########.
#.#.#.#.#.##.#.########.
#X#.#.#......#........##
#########.#.#.#......########.#
#.........X.................#.##
#.......p.....##....#######.#.#.
#.............#...........#.#.#.


You could see an orb of fire, a Killer Klown, a purple draconian knight
(invisible) and 3 Orb Guardians.

Vanquished Creatures
  3 orbs of fire
  A juggernaut (Depths:5)
  An ancient lich (Zot:5)
  Boris (twice) (Vaults:4 Depths:5)
  3 curse toes
  2 Killer Klowns (Zot:5)
  A caustic shrike (Depths:2)
  10 golden dragons
  A bone dragon (Abyss:3)
  3 electric golems
  Rupert (D:12)
  Jorgrun (Shoals:2)
  14 tentacled monstrosities
  Asterion (Vaults:3)
  9 Orb Guardians (Zot:5)
  5 quicksilver dragons
  3 titans
  The ghost of Iskender the Peltast, an adept OpBe of Trog (Depths:2)
  4 sphinxes
  A tentacled starspawn (Abyss:3)
  8 death cobs
  Agnes (D:15)
  An Executioner (Abyss:3)
  10 draconian monks
  11 storm dragons
  Ilsuiw (Shoals:4)
  8 shadow dragons
  6 tengu reavers
  Wiglaf (Vaults:1)
  Maud (D:10)
  10 fire giants
  2 deep elf sorcerers (Vaults:5)
  4 draconian knights
  8 draconian scorchers
  3 emperor scorpions
  4 ghost moths (Spider:4)
  9 frost giants
  19 vault wardens
  4 draconian zealots
  3 draconian annihilators (Zot:3)
  10 draconian shifters
  A cacodemon (Zot:5)
  Aizul (Shoals:1)
  Louise (Depths:1)
  32 stone giants
  A spriggan defender (Depths:3)
  A reaper (Depths:4)
  12 ironheart preservers
  4 war gargoyles
  15 very ugly things
  4 draconian callers
  A vampire knight (Depths:4)
  2 grey draconians (Depths:5)
  A deep elf demonologist (Vaults:5)
  3 salamander stormcallers
  11 green draconians
  11 black draconians
  9 mottled draconians
  Azrael (Spider:2)
  9 spark wasps
  A lorocyproca (Abyss:3)
  14 purple draconians
  15 white draconians
  10 yellow draconians
  A dire elephant (Lair:8)
  12 red draconians
  Snorg (Lair:7)
  3 merfolk javelineers
  5 merfolk impalers
  20 ettins
  19 fire dragons
  A quicksilver dragon zombie (Depths:3)
  A deep elf high priest (Vaults:5)
  6 great orbs of eyes
  3 rakshasas
  32 vault guards
  18 yaktaur captains
  Harold (D:12)
  13 ice dragons
  11 entropy weavers
  13 hydras
  An ice dragon (shapeshifter) (Depths:3)
  A catoblepas (Lair:8)
  9 spriggan air magi
  3 merfolk avatars
  The ghost of ghwc the Bludgeoner, a journeyman DsGl of Cheibriados (Orc:2)
  4 satyrs
  9 centaur warriors
  A death knight (Vaults:3)
  13 deep troll shamans
  32 death yaks
  7 merfolk aquamancers
  12 ogre magi
  6 deep troll earth magi
  2 tengu warriors
  A queen ant (Lair:8)
  2 alligator snapping turtles
  8 spriggan berserkers
  4 thrashing horrors (Abyss:3)
  4 orc high priests (Orc:2)
  A shock serpent (shapeshifter) (Depths:3)
  Nergalle (D:11)
  5 deep elf knights
  A sun demon (Orc:2)
  A fire crab (shapeshifter) (Depths:3)
  A soul eater (Depths:1)
  2 hell knights (Depths:2)
  3 shadow wraiths
  4 fire crabs
  An iron giant skeleton (Depths:3)
  3 skeletal warriors
  4 unseen horrors
  8 giant orange brains
  10 iron trolls
  A deep elf archer (Vaults:5)
  3 spatial maelstroms (Abyss:3)
  7 sea snakes
  15 ironbrand convokers
  31 deep trolls
  2 torturous demonspawn (Orc:2)
  A flayed ghost (Depths:3)
  6 hill giants
  A lindwurm (shapeshifter) (Depths:2)
  A tengu zombie (Vaults:5)
  5 wizards
  A harpy (shapeshifter) (Depths:3)
  2 hornets (shapeshifter)
  A phantasmal warrior (Vaults:4)
  8 deep elf magi
  3 necromancers
  21 orc knights
  9 harpies (Shoals:4)
  An orb spider (shapeshifter) (Depths:5)
  A frost giant zombie (Depths:3)
  17 orb spiders
  32 wolf spiders
  14 griffons
  9 orc sorcerers
  33 ugly things
  19 manticores
  A faun (shapeshifter) (Vaults:3)
  11 hornets
  9 cyclopes
  4 salamanders
  A salamander (shapeshifter) (Depths:3)
  A manticore (shapeshifter) (Vaults:5)
  12 fauns
  2 human zombies (Vaults:5)
  A wolf spider (shapeshifter) (Vaults:5)
  3 centaur zombies
  20 elephants
  Maurice (D:8)
  An octopode (shapeshifter) (Vaults:2)
  A tengu skeleton (Vaults:5)
  A sixfirhy (Abyss:3)
  29 moths of wrath
  6 water nymphs
  A human skeleton (Vaults:5)
  17 vault sentinels
  11 black mambas
  A torpor snail (Lair:8)
  An eye of devastation (shapeshifter) (Depths:3)
  6 sirens
  A storm dragon simulacrum (Vaults:1)
  Psyche (D:12)
  An orange demon (Orc:2)
  A smoke demon (Orc:2)
  11 spiny frogs
  2 gargoyles
  10 komodo dragons
  A rime drake (Lair:8)
  4 centaur skeletons
  5 spectral swamp worms (Depths:5)
  43 yaktaurs
  10 demonic crawlers
  2 ancient zymes (Abyss:3)
  A hellwing (Depths:1)
  2 efreet
  5 freezing wraiths
  2 tengu conjurers
  A polar bear (Lair:8)
  24 merfolk
  33 jumping spiders
  A queen bee (D:13)
  2 tengu simulacra
  5 trolls
  10 two-headed ogres
  A queen bee (shapeshifter) (D:12)
  A troll (shapeshifter) (Depths:1)
  An ettin zombie (Vaults:5)
  23 slime creatures
  10 boulder beetles
  4 wind drakes
  16 blink frogs
  5 snapping turtles
  6 flying skulls (Abyss:3)
  A redback (shapeshifter) (Depths:5)
  2 snapping turtles (shapeshifter)
  7 large abominations (Abyss:3)
  2 air elementals (Depths:5)
  90 redbacks
  A spriggan (shapeshifter) (Depths:1)
  2 vampires
  5 spriggans
  2 elf zombies (Vaults:5)
  8 wyverns
  3 fire elementals (Spider:2)
  6 fire bats
  44 tarantellas
  18 water elementals
  4 wraiths
  43 yaks
  A ynoxinul (Abyss:3)
  16 humans (D:14)
  15 vampire mosquitoes
  7 basilisks
  2 basilisks (shapeshifter) (Depths:3)
  14 hippogriffs
  3 golden eyes (Abyss:3)
  A hungry ghost (D:13)
  2 yaktaur simulacra
  3 mottled dragons (Depths:5)
  A chaos spawn (Abyss:3)
  A spatial vortex (Abyss:3)
  5 wargs
  7 soldier ants
  24 water moccasins
  11 hell hounds
  42 orc warriors
  15 porcupines
  4 black bears
  A black bear (shapeshifter) (D:14)
  2 eyes of draining
  6 ice beasts
  A sky beast (D:10)
  10 wasps
  Purgy (Sewer)
  A necrophage (D:13)
  22 wolves
  57 ogres
  3 boggarts (Vaults:2)
  29 centaurs
  15 crocodiles
  3 big kobolds
  20 giant frogs
  Blork the orc (D:6)
  2 elf simulacra (Vaults:1)
  5 scorpions
  2 wyvern skeletons
  A small abomination (Abyss:3)
  26 killer bees
  2 human simulacra (Vaults:3)
  3 wights (D:15)
  2 electric eels
  6 howler monkeys
  8 crimson imps
  A giant frog zombie (D:11)
  4 quasits
  7 hounds
  4 giant frog skeletons
  28 orc priests
  4 jellies
  19 orc wizards
  8 iguanas
  21 worker ants
  34 sheep
  2 hound zombies
  A hound skeleton (D:9)
  A howler monkey zombie (D:7)
  Robin (D:2)
  4 gnolls
  A worker ant zombie (D:10)
  20 adders
  An adder (shapeshifter) (Depths:3)
  70 river rats
  7 shadow imps
  An ufetubus (Abyss:3)
  18 oozes (D:7)
  3 adder skeletons
  6 worms
  4 dart slugs
  A giant gecko (D:9)
  83 orcs
  7 giant cockroaches
  18 goblins
  7 hobgoblins
  8 jackals
  2 quokkas
  2 ball pythons (D:2)
  15 bats
  A giant gecko skeleton (D:4)
  5 giant newts
  A jackal zombie (D:8)
  19 kobolds
  A quokka skeleton (D:6)
  17 rats
  A fungus (D:9)
  2 plants
  A tentacle (Shoals:4)
2408 creatures vanquished.

Vanquished Creatures (collateral kills)
  A golden dragon (Vaults:5)
  A kraken (Shoals:4)
  A shadow dragon (Vaults:5)
  2 storm dragons (Vaults:5)
  A vault warden (Vaults:1)
  An orc warlord (Orc:2)
  2 emperor scorpions (Spider:4)
  A stone giant (Vaults:4)
  A very ugly thing (Vaults:4)
  An ironheart preserver (Vaults:1)
  5 vault guards
  2 ettins
  A fire dragon (Depths:3)
  A yaktaur captain (Vaults:1)
  A centaur warrior (Vaults:3)
  2 orc high priests (Orc:2)
  A skeletal warrior (Vaults:1)
  A soul eater (Depths:3)
  A deep elf archer (Vaults:3)
  An infernal demonspawn (Orc:2)
  An anubis guard (shapeshifter) (Vaults:5)
  A phantasmal warrior (Vaults:5)
  2 ironbrand convokers
  A putrid demonspawn (Orc:2)
  2 wolf spiders (Spider:4)
  A cyclops (Vaults:1)
  An orc sorcerer (Orc:2)
  A hornet (Vaults:1)
  2 ugly things (Vaults:4)
  A deep elf mage (Vaults:3)
  A moth of wrath (Spider:4)
  A vault sentinel (Vaults:1)
  A demonic crawler (Spider:4)
  2 freezing wraiths
  2 redbacks (Spider:4)
  A warg (Orc:2)
  2 orc warriors
  A wasp (Spider:4)
  An ogre (Vaults:2)
  12 killer bees (D:13)
  An electric eel (Spider:4)
  2 orcs
  A bat (D:9)
  A tentacle (Shoals:4)
70 creatures vanquished.

Vanquished Creatures (others)
  A fire giant (Depths:2)
  A draconian caller (Depths:5)
  An orb spider (Spider:2)
  2 wolf spiders (Spider:2)
  A moth of wrath (Zot:5)
  A vault sentinel (Vaults:2)
  A jumping spider (Spider:4)
  A redback (Spider:4)
  A starcursed mass (Abyss:3)
  A water elemental (Shoals:4)
  An ogre (Vaults:2)
  A hound zombie (D:8)
  An orc (Vaults:1)
  A bush (Lair:8)
  45 fungi
  29 plants
  4 starspawn tentacles (Abyss:3)
  6 starspawn tentacle segments (Abyss:3)
  4 tentacles (Shoals:4)
  1204 tentacle segments (Shoals:4)
1307 creatures vanquished.

Grand Total: 3785 creatures vanquished

Notes
Turn   | Place    | Note
--------------------------------------------------------------
     0 | D:1      | stultus the Demonspawn Berserker began the quest for the Orb.
     0 | D:1      | Reached XP level 1. HP: 18/18 MP: 1/1
   296 | D:1      | Gained mutation: Your flesh is cold resistant. [demonic ancestry]
   296 | D:1      | Reached XP level 2. HP: 23/24 MP: 2/2
   837 | D:2      | Noticed Robin
   866 | D:2      | Reached ** piety under Trog
   866 | D:2      | Gained mutation: You have a pair of small horns on your head. [demonic ancestry]
   866 | D:2      | Reached XP level 3. HP: 22/29 MP: 3/3
  1044 | D:2      | Killed Robin
  1044 | D:2      | Gained mutation: You are immune to rotting. [demonic ancestry]
  1044 | D:2      | Reached XP level 4. HP: 24/37 MP: 4/4
  1485 | D:2      | Found a sacrificial altar of Ru.
  1496 | D:2      | Reached skill level 4 in Fighting
  1565 | D:2      | Reached *** piety under Trog
  1805 | D:3      | Gained mutation: You have a pair of horns on your head. [demonic ancestry]
  1805 | D:3      | Reached XP level 5. HP: 42/42 MP: 5/5
  2183 | D:3      | Found a shimmering altar of Xom.
  2373 | D:3      | Found a glowing drain.
  2393 | Sewer    | Entered a sewer
  2720 | Sewer    | Reached **** piety under Trog
  2745 | Sewer    | Noticed Purgy
  2758 | Sewer    | Killed Purgy
  2758 | Sewer    | Reached skill level 1 in Slings
  2758 | Sewer    | Reached XP level 6. HP: 41/49 MP: 6/6
  3553 | D:4      | Found an oddly glowing altar of Pakellas.
  3645 | D:4      | Found a bloodstained altar of Trog.
  3692 | D:4      | Found a burning altar of Makhleb.
  4324 | D:5      | Entered Level 5 of the Dungeon
  4496 | D:5      | Found a staircase to the Ecumenical Temple.
  4547 | D:5      | Got a sheer robe
  4568 | D:5      | Found an ancient bone altar of Kikubaaqudgha.
  4634 | D:5      | Reached skill level 5 in Fighting
  4673 | D:5      | Gained mutation: You are immune to freezing clouds. [demonic ancestry]
  4673 | D:5      | Reached XP level 7. HP: 50/56 MP: 7/7
  5291 | Temple   | Entered the Ecumenical Temple
  5711 | D:6      | Found a snail-covered altar of Cheibriados.
  6172 | D:6      | Gained mutation: A meltable icy envelope protects you from harm (AC +0). [demonic ancestry]
  6172 | D:6      | Reached XP level 8. HP: 51/64 MP: 8/8
  6223 | D:6      | Reached skill level 6 in Fighting
  6513 | D:6      | Noticed Blork the orc
  6521 | D:6      | Killed Blork the orc
  6641 | D:6      | Reached skill level 5 in Armour
  7112 | D:7      | Reached skill level 5 in Maces & Flails
  7334 | D:7      | Reached skill level 7 in Fighting
  7334 | D:7      | Reached XP level 9. HP: 64/72 MP: 9/9
  7759 | D:7      | Reached skill level 1 in Evocations
  7800 | D:7      | Reached ***** piety under Trog
  8016 | D:8      | Reached skill level 5 in Dodging
  8254 | D:8      | Noticed a five-headed hydra
  8254 | D:8      | Noticed a griffon
  8254 | D:8      | Noticed a hill giant
  8264 | D:8      | Noticed a deep elf mage
  8621 | D:8      | Noticed Maurice
  9000 | D:8      | Found a shattered altar of Ashenzari.
  9000 | D:8      | Found an opulent altar of Gozag.
  9567 | D:9      | HP: 2/74 [crocodile (9)]
  9587 | D:10     | Entered Level 10 of the Dungeon
  9743 | D:9      | Received a gift from Trog
  9979 | D:9      | Gained mutation: You are partially covered in iridescent scales (AC +4). [demonic ancestry]
  9979 | D:9      | Reached XP level 10. HP: 80/80 MP: 11/11
 10101 | D:9      | Reached skill level 8 in Fighting
 10239 | D:9      | Found a staircase to the Orcish Mines.
 10477 | D:9      | Found a staircase to the Lair.
 10510 | Lair:1   | Entered Level 1 of the Lair of Beasts
 11341 | Lair:1   | Noticed a spiny frog
 11354 | Lair:1   | Killed a spiny frog
 11354 | Lair:1   | Reached skill level 5 in Slings
 11681 | Lair:1   | Noticed a spiny frog
 11688 | Lair:1   | Killed a spiny frog
 11920 | Lair:2   | Noticed a spiny frog
 11935 | Lair:2   | Killed a spiny frog
 12174 | Lair:2   | Noticed a seven-headed hydra
 12193 | Lair:2   | Killed a seven-headed hydra
 12193 | Lair:2   | Reached skill level 9 in Fighting
 12193 | Lair:2   | Reached XP level 11. HP: 89/89 MP: 14/14
 12623 | Lair:2   | Got a pitted whip
 12624 | Lair:2   | Identified the +7 whip of Trial by Ordeal {pain, Dex+6} (You found it on level 2 of the Lair of Beasts)
 12644 | Lair:2   | Noticed a five-headed hydra
 12653 | Lair:2   | Killed a five-headed hydra
 13700 | Lair:2   | Reached skill level 1 in Shields
 13951 | Lair:3   | Noticed a seven-headed hydra
 13961 | Lair:3   | Killed a seven-headed hydra
 14391 | Lair:3   | Reached skill level 5 in Evocations
 14707 | Lair:3   | Found a staircase to the Shoals.
 14964 | Lair:3   | Received a gift from Trog
 15423 | Lair:4   | Reached skill level 10 in Fighting
 15748 | Lair:4   | Noticed a four-headed hydra
 15757 | Lair:4   | Killed a four-headed hydra
 15757 | Lair:4   | Gained mutation: Your magical and physical power is slightly enhanced at high health. [demonic ancestry]
 15757 | Lair:4   | Reached XP level 12. HP: 97/97 MP: 15/15
 15848 | Lair:4   | Noticed a five-headed hydra
 15857 | Lair:4   | Killed a five-headed hydra
 15989 | Lair:4   | Noticed an eight-headed hydra
 16005 | Lair:4   | Killed an eight-headed hydra
 16152 | Lair:4   | Found a hole to the Spider Nest.
 16166 | Lair:4   | Received a gift from Trog
 16801 | Lair:4   | Received a gift from Trog
 17708 | Lair:5   | Noticed a death yak
 17711 | Lair:5   | Noticed a death yak
 17713 | Lair:5   | Noticed a death yak
 17715 | Lair:5   | Noticed a death yak
 17718 | Lair:5   | Noticed a death yak
 17722 | Lair:5   | Killed a death yak
 17730 | Lair:5   | Killed a death yak
 17744 | Lair:5   | Killed a death yak
 17768 | Lair:5   | Killed a death yak
 17768 | Lair:5   | Reached skill level 11 in Fighting
 17774 | Lair:5   | Killed a death yak
 18252 | Lair:6   | Noticed a death yak
 18305 | Lair:6   | Noticed a death yak
 18306 | Lair:6   | Noticed a death yak
 18308 | Lair:6   | Noticed a death yak
 18310 | Lair:6   | Received a gift from Trog
 18311 | Lair:6   | Noticed a death yak
 18330 | Lair:5   | Killed a death yak
 18530 | Lair:6   | Reached XP level 13. HP: 106/106 MP: 17/17
 18651 | Lair:5   | Reached skill level 10 in Armour
 18974 | Lair:6   | Received a gift from Trog
 19380 | Lair:6   | Reached skill level 10 in Maces & Flails
 19746 | Lair:7   | Received a gift from Trog
 20337 | Lair:7   | Received a gift from Trog
 20460 | Lair:7   | Noticed Snorg
 20478 | Lair:7   | Killed Snorg
 20553 | Lair:7   | Found a runed door.
 20554 | Lair:7   | Found a viscous altar of Jiyva.
 20555 | Lair:7   | Found a staircase to the Slime Pits.
 20722 | Lair:7   | Gained mutation: You have a pair of large horns on your head. [demonic ancestry]
 20722 | Lair:7   | Reached XP level 14. HP: 114/114 MP: 19/19
 20906 | Lair:8   | Entered Level 8 of the Lair of Beasts
 20922 | Lair:8   | Reached skill level 5 in Shields
 21087 | Lair:8   | Reached ****** piety under Trog
 21087 | Lair:8   | Reached skill level 12 in Fighting
 21372 | Lair:8   | Received a gift from Trog
 21673 | Lair:8   | Received a gift from Trog
 22877 | Lair:8   | Received a gift from Trog
 23060 | Lair:2   | Identified a scroll of acquirement
 23171 | Orc:1    | Entered Level 1 of the Orcish Mines
 23251 | Orc:1    | Received a gift from Trog
 23251 | Orc:1    | Reached XP level 15. HP: 105/122 MP: 21/21
 23423 | Orc:1    | Received a gift from Trog
 23525 | Orc:2    | Entered Level 2 of the Orcish Mines
 23530 | Orc:2    | Found a roughly hewn altar of Beogh.
 23904 | Orc:2    | Found a staircase to the Elven Halls.
 23922 | Orc:2    | Noticed ghwc's ghost (journeyman DsGl)
 24065 | Orc:2    | Found Archirch's General Store.
 24080 | Orc:2    | Found Gifraonner's Magic Scroll Shoppe.
 24547 | Orc:2    | Killed ghwc's ghost
 24867 | Orc:2    | Noticed an orc warlord
 24890 | Orc:2    | Killed an orc warlord
 24891 | Orc:2    | Received a gift from Trog
 25125 | Orc:2    | Found Ligriept's Book Boutique.
 25125 | Orc:2    | Found a one-way gate leading to the halls of Pandemonium.
 25125 | Orc:2    | Found Mifrurav's Antique Weapon Shop.
 25172 | Orc:2    | Bought a scroll of identify for 26 gold pieces
 25172 | Orc:2    | Bought a scroll of recharging for 123 gold pieces
 25172 | Orc:2    | Bought a scroll of identify for 26 gold pieces
 25172 | Orc:2    | Bought 2 scrolls of enchant armour for 195 gold pieces
 25172 | Orc:2    | Bought a scroll of identify for 26 gold pieces
 25172 | Orc:2    | Bought a scroll of identify for 26 gold pieces
 25796 | D:8      | Killed Maurice
 26154 | D:8      | Got a spiked leather armour
 26178 | D:8      | Identified a +0 pair of boots of running (You found it on level 8 of the Dungeon)
 26190 | D:8      | Identified the +1 leather armour of the Original Sin {-Tele *Corrode +Inv Dex+6} (You found it on level 8 of the Dungeon)
 26204 | D:8      | Got a jewelled halberd
 26211 | D:8      | Identified the +1 halberd "Ogre's Demise" {chop, Int+4} (You found it on level 8 of the Dungeon)
 26446 | D:10     | Found Keproaty's Assorted Antiques.
 26593 | D:10     | Received a gift from Trog
 26676 | D:10     | Noticed Maud
 26695 | D:10     | Killed Maud
 26695 | D:10     | Reached skill level 13 in Fighting
 26926 | D:10     | Found Vyloehau's Assorted Antiques.
 27434 | D:11     | Received a gift from Trog
 27886 | D:11     | Noticed Nergalle
 27906 | D:11     | Killed Nergalle
 28120 | D:11     | Received a gift from Trog
 28257 | D:11     | Received a gift from Trog
 28791 | D:12     | Noticed Rupert
 28818 | D:12     | Killed Rupert
 29005 | D:12     | Noticed Harold
 29026 | D:12     | Killed Harold
 29073 | D:12     | Noticed Psyche
 29082 | D:12     | Killed Psyche
 29500 | D:13     | Gained mutation: You are mostly covered in iridescent scales (AC +6). [demonic ancestry]
 29500 | D:13     | Reached XP level 16. HP: 105/131 MP: 22/22
 30154 | D:13     | Got a faintly glowing war axe
 30155 | D:13     | Identified the cursed +3 war axe of Byapaot {pain, Stlth+} (You found it on level 13 of the Dungeon)
 30315 | D:14     | Found a gate to the Vaults.
 30842 | D:14     | Received a gift from Trog
 31445 | D:15     | Entered Level 15 of the Dungeon
 31630 | D:15     | Found Jailyugh's Weapon Shoppe.
 31647 | D:15     | Noticed Agnes
 31669 | D:15     | Killed Agnes
 32222 | D:15     | Found a staircase to the Depths.
 32623 | Spider:1 | Entered Level 1 of the Spider Nest
 32923 | Spider:1 | Received a gift from Trog
 33714 | Spider:2 | Reached skill level 14 in Fighting
 34128 | Spider:2 | Received a gift from Trog
 34354 | Spider:3 | Noticed Azrael
 34377 | Spider:2 | Killed Azrael
 34413 | Spider:2 | Reached XP level 17. HP: 125/139 MP: 24/24
 34611 | Spider:3 | Reached skill level 10 in Dodging
 35217 | Spider:4 | Entered Level 4 of the Spider Nest
 35360 | Spider:4 | Received a gift from Trog
 35442 | Spider:4 | Reached skill level 10 in Evocations
 35686 | Spider:4 | Reached skill level 10 in Slings
 36228 | Spider:4 | Received a gift from Trog
 36235 | Spider:4 | Got a warped flail {god gift}
 36236 | Spider:4 | Identified the +8 flail of Righteous Anger {freeze, rElec Str-4 Dex+5} (Trog gifted it to you on level 4 of the Spider Nest)
 36926 | Spider:4 | Got a gossamer rune of Zot
 37410 | Vaults:1 | Entered Level 1 of the Vaults
 37532 | Vaults:1 | Received a gift from Trog
 37755 | Vaults:1 | Received a gift from Trog
 37784 | Vaults:1 | Found Assekys's Armour Boutique.
 37786 | Vaults:1 | Noticed Wiglaf
 37804 | Vaults:1 | Killed Wiglaf
 37804 | Vaults:1 | Reached skill level 10 in Shields
 37966 | Vaults:1 | Found Vathraom's Gadget Emporium.
 38193 | Vaults:1 | Gained mutation: You may emit foul miasma when damaged in melee. [demonic ancestry]
 38193 | Vaults:1 | Reached XP level 18. HP: 148/148 MP: 25/25
 39041 | Vaults:1 | Found Amihuuc's Weapon Shop.
 39290 | Vaults:2 | Reached skill level 15 in Fighting
 39292 | Vaults:2 | Received a gift from Trog
 39442 | Vaults:2 | Found a staircase to the Crypt.
 39442 | Vaults:2 | Found a basalt altar of Yredelemnul.
 39442 | Vaults:2 | Found an ancient bone altar of Kikubaaqudgha.
 39633 | Vaults:2 | Received a gift from Trog
 40754 | Vaults:2 | Received a gift from Trog
 41081 | Vaults:3 | Received a gift from Trog
 41270 | Vaults:3 | Found Gaeruiga's General Store.
 41378 | Vaults:3 | Noticed Asterion
 41412 | Vaults:3 | Killed Asterion
 41781 | Vaults:3 | Reached XP level 19. HP: 146/155 MP: 27/27
 41882 | Vaults:3 | Received a gift from Trog
 43371 | Vaults:4 | Received a gift from Trog
 43624 | Vaults:4 | Noticed Boris
 43641 | Vaults:4 | Killed Boris
 43651 | Vaults:4 | Received a gift from Trog
 43932 | Vaults:4 | Received a gift from Trog
 44097 | Vaults:5 | Entered Level 5 of the Vaults
 44268 | Vaults:4 | Reached skill level 16 in Fighting
 44283 | Vaults:4 | Reached skill level 15 in Armour
 44384 | Vaults:5 | Noticed a golden dragon
 44939 | Depths:1 | Entered Level 1 of the Depths
 44979 | Depths:1 | Found a gateway to Hell.
 45232 | Depths:1 | Found Xouneluyj's Distillery.
 45247 | Depths:1 | Bought a potion of lignification for 48 gold pieces
 45247 | Depths:1 | Bought a potion of curing for 48 gold pieces
 45307 | Depths:1 | Gained mutation: You frequently emit foul miasma when damaged in melee. [demonic ancestry]
 45307 | Depths:1 | Reached XP level 20. HP: 136/164 MP: 28/28
 45478 | Depths:1 | Found a one-way gate to the infinite horrors of the Abyss.
 45478 | Depths:1 | Noticed Louise
 45494 | Depths:1 | Killed Louise
 45494 | Depths:1 | Received a gift from Trog
 45552 | Depths:1 | Received a gift from Trog
 46246 | Depths:2 | Received a gift from Trog
 46463 | Depths:2 | Noticed a caustic shrike
 46523 | Depths:2 | Noticed a golden dragon
 46642 | Depths:2 | Noticed Iskender's ghost (adept OpBe)
 46660 | Depths:2 | Found Puhosuys's General Store.
 47321 | Depths:2 | Killed Iskender's ghost
 47607 | Depths:2 | Reached skill level 15 in Maces & Flails
 47729 | Depths:2 | Received a gift from Trog
 47914 | Depths:2 | Got an ancient hand crossbow {god gift}
 47935 | Depths:2 | Identified the +10 hand crossbow of Defilement {velocity, rC+ MR++} (Trog gifted it to you on level 2 of the Depths)
 48346 | Depths:3 | Noticed a caustic shrike
 48844 | Depths:2 | Killed a caustic shrike
 49455 | Depths:3 | Reached XP level 21. HP: 172/172 MP: 29/29
 49572 | Depths:3 | Received a gift from Trog
 50186 | Depths:3 | Received a gift from Trog
 50689 | Depths:4 | Reached skill level 1 in Stealth
 50790 | Depths:4 | Received a gift from Trog
 51100 | Depths:3 | Received a gift from Trog
 51501 | Depths:4 | Reached skill level 17 in Fighting
 51570 | Depths:4 | Paralysed by a sphinx for 2 turns
 51779 | Depths:4 | Paralysed by a great orb of eyes for 5 turns
 52152 | Depths:4 | Noticed a golden dragon
 52174 | Depths:4 | Killed a golden dragon
 52230 | Depths:4 | Paralysed by a vampire knight for 3 turns
 52659 | Depths:4 | Received a gift from Trog
 52721 | Depths:5 | Entered Level 5 of the Depths
 53082 | Depths:5 | Gained mutation: Your magical and physical power is enhanced at high health. [demonic ancestry]
 53082 | Depths:5 | Reached XP level 22. HP: 182/182 MP: 31/31
 53273 | Depths:5 | Found a gateway to a ziggurat.
 53648 | Depths:5 | Noticed Boris
 53672 | Depths:5 | Killed Boris
 53942 | Depths:5 | Received a gift from Trog
 53948 | Depths:5 | Reached skill level 5 in Stealth
 53965 | Depths:5 | Noticed a juggernaut
 54001 | Depths:5 | Killed a juggernaut
 54107 | Depths:5 | Got a pitted dire flail
 54113 | Depths:5 | Identified the +9 dire flail "Tormentor" {crush, Int+4} (You found it on level 5 of the Depths)
 54578 | Depths:5 | Noticed a golden dragon
 54598 | Depths:5 | Received a gift from Trog
 54610 | Depths:5 | Killed a golden dragon
 54644 | Depths:5 | Got a dazzling hunting sling {god gift}
 54645 | Depths:5 | Identified the +1 hunting sling "Qifemefui" {flame, rElec Str+3} (Trog gifted it to you on level 5 of the Depths)
 54664 | Depths:5 | Found a gate to the Realm of Zot.
 55100 | Shoals:1 | Entered Level 1 of the Shoals
 55372 | Shoals:1 | Noticed Aizul
 55383 | Shoals:1 | Killed Aizul
 55726 | Shoals:1 | Found Reheicvergh's Magic Scroll Shoppe.
 55764 | Shoals:1 | Bought a scroll of identify for 32 gold pieces
 55764 | Shoals:1 | Bought a scroll of identify for 32 gold pieces
 55764 | Shoals:1 | Bought a scroll of identify for 32 gold pieces
 55928 | Shoals:2 | Found Zeczun's General Store.
 56285 | Shoals:2 | Noticed Jorgrun
 56297 | Shoals:2 | Killed Jorgrun
 56910 | Shoals:3 | Received a gift from Trog
 57380 | Shoals:4 | Entered Level 4 of the Shoals
 57582 | Shoals:4 | Noticed Ilsuiw
 57604 | Shoals:4 | Killed Ilsuiw
 57753 | Shoals:4 | Reached XP level 23. HP: 156/190 MP: 32/32
 57800 | Shoals:4 | Got a barnacled rune of Zot
 58138 | Shoals:4 | Received a gift from Trog
 58158 | Shoals:4 | Got a bloodstained scale mail
 58169 | Shoals:4 | Identified the +3 scale mail "Fasod" {rC+ rN+ Str+3 Int+2} (You took it off a merfolk on level 4 of the Shoals)
 58791 | Vaults:5 | Received a gift from Trog
 58925 | Vaults:4 | Received a gift from Trog
 58935 | Vaults:4 | Reached skill level 18 in Fighting
 59957 | Vaults:5 | Reached skill level 15 in Slings
 59983 | Vaults:4 | Received a gift from Trog
 60602 | Vaults:5 | Got a distressingly furry ring mail
 60716 | Vaults:5 | Got a silver rune of Zot
 60908 | Vaults:5 | Reached XP level 24. HP: 123/199 MP: 32/32
 61057 | Vaults:5 | Identified the +1 ring mail of an ossuary {Str+2 Int+6} (You found it on level 5 of the Vaults)
 61245 | Vaults:5 | Found Vycarhiy's Armour Shoppe.
 61576 | Vaults:5 | Received a gift from Trog
 61726 | Vaults:5 | Bought the +2 pair of gloves "Ireabrep" {rN+} for 436 gold pieces
 62421 | Zot:1    | Entered Level 1 of the Realm of Zot
 63006 | Depths:5 | Reached skill level 15 in Shields
 63505 | Zot:1    | Received a gift from Trog
 63508 | Zot:1    | Got a crystal greatsling {god gift}
 63509 | Zot:1    | Identified the +5 greatsling "Sih Oll" {flame, rPois Str+2 Int+8} (Trog gifted it to you on level 1 of the Realm of Zot)
 63804 | Zot:1    | Reached skill level 10 in Stealth
 64343 | Zot:2    | Cast into level 3 of the Abyss (green draconian)
 64588 | Abyss:3  | Paralysed by accursed screaming for 1 turns
 64978 | Zot:2    | Escaped the Abyss
 65411 | Zot:2    | Received a gift from Trog
 65527 | Zot:2    | Reached XP level 25. HP: 206/206 MP: 33/33
 65818 | Zot:2    | Reached skill level 19 in Fighting
 66775 | Zot:3    | Received a gift from Trog
 67346 | Zot:3    | Got a smoking plate armour
 67373 | Zot:2    | Identified the cursed +0 plate armour "Pohadd" {Str+6} (You found it on level 3 of the Realm of Zot)
 68030 | Zot:3    | Received a gift from Trog
 69448 | Zot:5    | Entered Level 5 of the Realm of Zot
 69790 | Zot:5    | Gained mutation: You are completely covered in iridescent scales (AC +8). [demonic ancestry]
 69790 | Zot:5    | Reached XP level 26. HP: 216/216 MP: 33/33
 70314 | Zot:5    | Noticed an orb of fire
 70316 | Zot:5    | Gained mutation: Armour fits poorly on your strangely shaped body. [an orb of fire]
 70341 | Zot:5    | Killed an orb of fire
 70482 | Zot:5    | Noticed an orb of fire
 70482 | Zot:5    | Gained mutation: Scrolls take you a little longer to read. [an orb of fire]
 70491 | Zot:5    | Gained mutation: You have large cloven feet. [an orb of fire]
 70498 | Zot:5    | Gained mutation: Potions and wands are less effective at restoring your health. [an orb of fire]
 70507 | Zot:5    | Noticed an orb of fire
 70528 | Zot:5    | Gained mutation: You are frail (-10% HP). [an orb of fire]
 70773 | Zot:4    | Gained mutation: You are occasionally teleported next to monsters. [an orb of fire]
 70776 | Zot:4    | Killed an orb of fire
 70868 | Zot:4    | Lost mutation: You are frail (-10% HP). [potion of cure mutation]
 70868 | Zot:4    | Lost mutation: Armour fits poorly on your strangely shaped body. [potion of cure mutation]
 70868 | Zot:4    | Lost mutation: Scrolls take you a little longer to read. [potion of cure mutation]
 70869 | Zot:4    | Lost mutation: Potions and wands are less effective at restoring your health. [potion of cure mutation]
 70869 | Zot:4    | Lost mutation: You have large cloven feet. [potion of cure mutation]
 70869 | Zot:4    | Lost mutation: You are occasionally teleported next to monsters. [potion of cure mutation]
 71360 | Orc:2    | Bought a scroll of acquirement for 676 gold pieces
 71365 | Orc:2    | Bought a potion of haste for 140 gold pieces
 71402 | Orc:2    | Upgraded the game from 0.18.1-48-g4cf74bf to 0.18.1-50-g88ac8fd
 71803 | Depths:5 | Received a gift from Trog
 72120 | Zot:5    | Gained mutation: Your muscles are strong. (Str +2) [an orb of fire]
 72137 | Zot:5    | Gained mutation: You are occasionally teleported next to monsters. [an orb of fire]
 72146 | Zot:5    | Killed an orb of fire
 72466 | Zot:5    | Noticed an ancient lich
 72499 | Zot:5    | Killed an ancient lich
 72533 | Zot:5    | Lost mutation: Your muscles are strong. (Str +2) [potion of cure mutation]
 72533 | Zot:5    | Lost mutation: You are occasionally teleported next to monsters. [potion of cure mutation]
 72535 | Zot:5    | Noticed an orb of fire
 72564 | Zot:5    | Gained mutation: Potions and wands are less effective at restoring your health. [an orb of fire]
 72571 | Zot:5    | Gained mutation: You are agile. (Dex +2) [an orb of fire]
 72590 | Zot:5    | Gained mutation: Your magical capacity is low (-10% MP). [an orb of fire]
 72602 | Zot:5    | HP: 1/217 [orb of fire/fireball (34)]
 72611 | Zot:5    | Gained mutation: Your spells are a little harder to cast, but a little more powerful. [an orb of fire]
 72620 | Zot:5    | HP: 6/217 [red draconian monk (6)]
 72622 | Zot:5    | Gained mutation: You expend magic power (3 MP) to strengthen your wands. [an orb of fire]
 72624 | Zot:5    | Received a gift from Trog
 72625 | Zot:5    | Killed from afar by an orb of fire

Skill      XL: |  1  2  3  4  5  6  7  8  9 10 11 12 13 14 15 16 17 18 19 20 21 22 23 24 25 26 |
---------------+-------------------------------------------------------------------------------+-----
Dodging        | 2 3 4 5 6 7 8 9 10 11 12 13 | 13.8
Armour         | 2 3 4 5 6 8 9 10 11 12 13 14 15 16 17 18 | 18.5
Maces & Flails | 3 4 5 6 7 8 9 10 11 12 13 14 15 16 17 18 | 18.3
Fighting       | 4 5 7 9 10 11 12 13 14 15 16 17 18 19 | 19.8
Slings         | 1 2 3 4 5 6 7 8 9 10 11 12 13 14 15 16 | 16.9
Evocations     | 2 4 5 6 7 8 9 10 11 12 13 14 | 14.2
Shields        | 2 3 4 5 7 9 10 11 12 13 14 15 16 | 16.3
Stealth        | 4 6 9 10 12 | 12.7

Action                   |  1- 3 |  4- 6 |  7- 9 | 10-12 | 13-15 | 16-18 | 19-21 | 22-24 | 25-27 || total
-------------------------+-------+-------+-------+-------+-------+-------+-------+-------+-------++-------
Melee: Mace              |   111 |   297 |   106 |       |       |       |       |       |       ||   514
       Headbutt          |     6 |    36 |    81 |   246 |   598 |   643 |   761 |   814 |   405 ||  3590
       Flail             |       |       |   368 |   239 |       |   862 |  2152 |  2257 |  1089 ||  6967
       Whip              |       |       |       |   586 |  1726 |  1008 |       |       |       ||  3320
 Fire: Greatsling        |       |       |     4 |     7 |    98 |   444 |    28 |    31 |    55 ||   667
Invok: Berserk           |     1 |       |     1 |     8 |    13 |     2 |     5 |     2 |     2 ||    34
       Trog's Hand       |       |       |     2 |     3 |     5 |    11 |     8 |    19 |    23 ||    71
       Burn Spellbooks   |       |       |     1 |     2 |     1 |     8 |     6 |     3 |     2 ||    23
       Brothers in Arms  |       |       |     1 |       |     3 |     9 |     5 |     3 |       ||    21
Evoke: Wand              |       |       |       |     1 |     7 |     3 |    11 |    13 |    16 ||    51
       Sack of spiders   |       |       |       |       |       |       |       |     1 |     1 ||     2
       Phantom mirror    |       |       |       |       |       |       |       |     1 |       ||     1
  Use: Scroll            |       |     2 |     2 |    20 |    17 |    13 |    11 |    31 |    15 ||   111
       Potion            |       |     3 |     2 |     5 |     1 |    10 |    13 |     5 |    13 ||    52
 Stab: Invisible         |       |     1 |       |       |       |       |       |       |       ||     1
       Paralysed         |       |     1 |       |       |       |       |       |       |       ||     1
       Distracted        |       |       |     1 |       |       |     1 |     1 |     3 |       ||     6
       Petrifying        |       |       |       |       |     1 |       |       |       |       ||     1
       Petrified         |       |       |       |       |     1 |       |       |       |       ||     1
       Sleeping          |       |       |       |       |       |     1 |       |       |       ||     1
  Eat: Chunk             |     2 |     6 |    12 |    24 |    35 |    36 |    22 |    17 |     4 ||   158
       Bread ration      |       |     2 |       |       |     3 |       |     3 |     6 |     5 ||    19
       Beef jerky        |       |       |     3 |     5 |     2 |     2 |     2 |     3 |       ||    17
       Fruit             |       |       |       |     1 |       |     6 |     3 |     1 |       ||    11
       Royal jelly       |       |       |       |     1 |       |       |       |       |       ||     1
       Pizza             |       |       |       |       |       |     1 |     4 |     1 |       ||     6
       Meat ration       |       |       |       |       |       |       |       |     1 |       ||     1
Armor: Scale mail        |    16 |       |       |       |       |       |       |       |       ||    16
       Animal skin       |     2 |       |       |       |       |       |       |       |       ||     2
       Chain mail        |    60 |       |       |       |       |       |       |       |       ||    60
       Swamp dragon armo |     7 |   187 |   337 |   396 |   493 |   729 |   570 |       |       ||  2719
       Plate armour      |       |       |       |       |       |    59 |       |       |       ||    59
       Gold dragon armou |       |       |       |       |       |       |    92 |  1533 |   628 ||  2253
Dodge: Dodged            |    67 |   215 |   455 |   589 |   730 |   942 |   780 |   697 |   280 ||  4755
Block: Buckler           |       |       |       |   107 |   160 |       |       |       |       ||   267
       Large shield      |       |       |       |       |   718 |  2097 |  1799 |  2459 |  1050 ||  8123
